 Seeded DCSS version 0.32-a0-450-g080537f31e (webtiles) character file.

Game seed: 6965631656755398118 (custom seed)

105 CougarLife the Digger (level 4, -1/24 HPs)
             Began as a Gargoyle Earth Elementalist on Feb 23, 2024.
             Slain by Natasha (6 damage)
             ... on level 2 of the Dungeon.
             The game lasted 00:02:03 (1995 turns).

CougarLife the Digger (Gargoyle Earth Elementalist) Turns: 1995, Time: 00:02:03

Health: -1/24      AC:  6    Str: 12    XL:     4   Next: 83%
Magic:  6/8        EV: 11    Int: 17    God:
Gold:   396        SH:  0    Dex: 10    Spells: 5/9 levels left

rFire   . . .        b - +1 dagger (venom)
rCold   . . .        (no shield)
rNeg    + . .        a - +0 robe
rPois   ∞            f - +0 helmet
rElec   +            (no cloak)
rCorr   .            (no gloves)
SInv    .            (no boots)
Will    .....        (no amulet)
Stlth   ++           (no ring)
HPRegen 0.24/turn    (no ring)
MPRegen 0.11/turn

%: no passive effects
@: slowed, very slow
A: sickness immunity, AC +3, negative energy resistance 1, electricity
resistance, torment resistance 1, petrification resistance
a: no special abilities


You were on level 2 of the Dungeon.
You visited 1 branch of the dungeon, and saw 2 of its levels.

You collected 396 gold pieces.

Inventory:

Hand Weapons
 b - a +1 dagger of venom (weapon)
Armour
 a - a +0 robe (worn)
 f - a +0 helmet (worn)
Scrolls
 e - a scroll of amnesia {unknown}
 g - a scroll of identify {unknown}
Potions
 c - a potion of resistance {unknown}
 d - a potion of heal wounds {unknown}


   Skills:
 - Level 1.5 Dodging
 - Level 2.1 Stealth
 + Level 3.1 Spellcasting
 + Level 2.8 Conjurations
 + Level 4.7 Earth Magic


You had 5 spell levels left.
You knew the following spells:

 Your Spells              Type           Power      Damage    Failure   Level
a - Sandblast             Erth           36%        2d10      2%          1
b - Stone Arrow           Conj/Erth      30%        3d8       11%         3

Your spell library contained the following spells:

 Spells                   Type           Power      Damage    Failure   Level
 Passwall                 Erth           18%        N/A       8%          3
 Momentum Strike          Conj/Tloc      14%        3d8       14%         2
 Blink                    Tloc           4%         N/A       26%         2
 Lesser Beckoning         Tloc           4%         N/A       26%         2
 Brom's Barrelling Bould  Conj/Erth      15%        2d4       36%         4
 Petrify                  Alch/Erth      10%        N/A       54%         4


Dungeon Overview and Level Annotations

Branches:
Dungeon (2/15)

Altars:

Shops:
D:1 (!   D:2 *

Annotations:
D:2 Natasha


Innate Abilities, Weirdness & Mutations

You are immune to sickness and miasma.
Your stone body is resilient. (AC +3)
You are immune to poison.
You resist negative energy. (rN+)
You are resistant to electric shocks. (rElec)
You are resistant to unholy torment.
You are immune to petrification.


Message History

A hobgoblin is nearby!
You hit the hobgoblin but do no damage.
The hobgoblin is poisoned.
The hobgoblin is severely wounded.
You kill the hobgoblin!
You can't see any susceptible monsters within range! (Use Z to cast anyway.) HP restored.
You now have 396 gold pieces (gained 14).
You see here 6 stones.
g - a scroll labelled XATEDW WUNU You can't see any susceptible monsters within range! (Use Z to cast anyway.) No target in view!
You see here 4 stones.
A quokka comes into view.
The blast of sand hits the quokka!
You kill the quokka!
No target in view!
Natasha, Servant of Life and Death comes into view.
Natasha hisses angrily.
Natasha casts a spell at you.
You feel yourself slow down.
You can't see any susceptible monsters within range! (Use Z to cast anyway.) Natasha is nearby!
The blast of sand hits Natasha but does no damage.
Natasha claws you! Natasha closely misses you.
Natasha is nearby!
You closely miss Natasha. Natasha claws you. Natasha claws you!
* * * LOW HITPOINT WARNING * * *
You are too injured to fight recklessly!
Natasha is nearby!
You are too injured to fight recklessly!
Casting: Sandblast (safe; 2% risk of failure)
Confirm with . or Enter, or press ? or * to list all spells.
Aiming: Sandblast (safe; 2% risk of failure)
Press: ? - help, Shift-Dir - straight line, f/p - Natasha
Aim: Natasha (77% to hit)
The blast of sand hits Natasha.
Natasha is moderately wounded.
Natasha claws you.
You die...
Natasha curls up and begins to purr.

...... .....
.... ... .. # .#
#.#####.##!#
#.#...@h...# ##
#.......##....
.# ###.##..# . .
#. ### .#
##.#.#.....
.#.##.# .#
##.###.......
...#...
.#########.##
#.....# ##....
.........##.##
.####... #.....
.#######.###.#.#
#... #..... .#
#........# ##.##
#.....


You could see Natasha.

Vanquished Creatures
  Natasha (D:2)
  Robin (D:2)
  A gnoll (D:1)
  An adder (D:2)
  A ribbon worm (D:2)
  3 ball pythons
  3 endoplasms (D:2)
  A giant cockroach (D:1)
  9 goblins (D:2)
  4 hobgoblins (D:2)
  4 jackals (D:1)
  3 kobolds (D:1)
  2 quokkas (D:2)
  4 bats
  3 frilled lizards (D:1)
  2 rats (D:1)
43 creatures vanquished.

Notes
Turn   | Place    | Note
-------+----------+-------------------------------------------
     0 | D:1      | CougarLife the Gargoyle Earth Elementalist began the quest
                  | for the Orb.
     0 | D:1      | Reached XP level 1. HP: 10/10 MP: 3/3
    74 | D:1      | Found Ashripp's Weapon Shoppe.
   340 | D:1      | Reached XP level 2. HP: 7/15 MP: 0/5
   448 | D:1      | Reached skill level 4 in Earth Magic
   946 | D:1      | Reached XP level 3. HP: 9/19 MP: 2/6
  1042 | D:1      | Found Baxzixzy's Distillery.
  1391 | D:2      | Identified a scroll of acquirement
  1391 | D:2      | Acquired 309 gold pieces
  1451 | D:2      | Noticed Natasha
  1455 | D:2      | Killed Natasha
  1456 | D:2      | Reached XP level 4. HP: 22/24 MP: 4/8
  1541 | D:2      | Found Sozous's Assorted Antiques.
  1547 | D:2      | Learned a level 3 spell: Stone Arrow
  1681 | D:2      | Identified the +2 kite shield of Untold Secrets {Str+4
                  | Int+5 Slay-3 SInv}
  1689 | D:2      | Noticed Robin
  1706 | D:2      | Killed Robin
  1990 | D:2      | Noticed Natasha
  1995 | D:2      | Slain by Natasha

Illustrated notes

Levels and vault maps discovered:
D:1:      dpeg_arrival_solitude, layout_loops_corners, serial_shops, shop, shop
D:2:      layout_loops_cross, serial_shops, shop, uniq_natasha, uniq_robin

Skill      XL: |  1  2  3  4 |
---------------+-------------+-----
Earth Magic    | 4 |  4.7
Conjurations   | 2 |  2.8
Spellcasting   | 3 |  3.1
Dodging        | |  1.5
Stealth        | |  2.1

Action                     |  1- 3 |  4- 6 || total
---------------------------+-------+-------++-------
  Melee: Dagger            |    15 |     4 ||    19
         Unarmed           |     1 |       ||     1
   Cast: Sandblast         |    34 |    28 ||    62
    Use: Potion            |     2 |       ||     2
         Scroll            |     1 |       ||     1
   Stab: Sleeping          |     1 |       ||     1
 Armour: Robe              |    35 |    17 ||    52
  Dodge: Dodged            |    25 |    12 ||    37

Table legend: (Time is in decaauts)
 A = Elapsed time spent in this place.
 B = Non-inter-level travel time spent in this place.
 C = Inter-level travel time spent in this place.
 D = Time resting spent in this place.
 E = Time spent auto-exploring this place.
 F = Levels seen in this place.
 G = Mean time per level.
                   A        B        C        D        E       F      G
               +--------+--------+--------+--------+--------+-----+--------+
         Total |   2033 |   1967 |     66 |    385 |   1294 |   2 | 1016.5 |
       Dungeon |   2033 |   1967 |     66 |    385 |   1294 |   2 | 1016.5 |
               +--------+--------+--------+--------+--------+-----+--------+

Top non-repeatable levels by time:
     D:1: 1308 daAuts
     D:2: 725 daAuts
